woodfighter, chaotic female elven Priestess ---- ---- ---- |>.-----.(|----..| |...--.`..--..^^.| --.`....`.`...--^| |.``a.--`.`..||^| |..@`..|...---|^| ---.a|.|.--- |^| |.`|...| |^| |..--.-- |^-- --`...| ----..| |..--- |<^^..| ---- ------- woodfighter the Adept Experience level: 6 Strength: 18 Dexterity: 10 Constitution: 12 Intelligence: 17 Wisdom: 10 Charisma: 10 Health: 0(37) Energy: 81(81) Def: 9 Gold: 502 Moves: 3655 Dungeon seed: 1suRkWck3364pkHa Game ID: woodfighter_1534233382 Your Inventory: Coins $ - 502 gold pieces Amulets H - an amulet of reflection (being worn) K - a blessed amulet of life saving Weapons a - a blessed +1 mace (weapon in hand) Armor e - a +0 robe (being worn) n - a +0 small shield (being worn) r - a +0 elven mithril-coat (being worn) N - a +0 orcish helm (being worn) Comestibles d - 2 sprigs of wolfsbane k - 2 eggs X - 2 food rations Scrolls c - a scroll of gold detection g - a blessed scroll of taming z - a scroll of enchant weapon A - 2 scrolls of teleportation B - 3 scrolls of scare monster C - a blessed scroll of enchant armor J - a scroll of identify Spellbooks h - a spellbook of identify Potions b - a cursed potion of hallucination i - a potion of confusion W - a potion of restore ability Z - 2 potions of hallucination Rings F - a ring of polymorph control (on left hand) Wands f - a wand of cancellation (0:1) t - a wand of enlightenment (0:11) Tools j - a leather drum y - a skeleton key O - a credit card U - a blindfold Y - a cursed tallow candle (0:200) Spells and supernatural/magical abilities: Name Level Category Fail Memory l - light 1 divination 69% 82% r - remove curse 3 clerical 30% 82% O - create monster 2 clerical 69% 82% S - stone to flesh 3 healing 100% 87% W - pray for help -- divine ? -- X - turn undead -- divine ? -- Your skills at the end: Miscellaneous Skills shield [Basic] wands [Basic] Weapon Skills mace [Skilled] Spellcasting Skills clerical spells [Basic] Final Attributes: You were piously aligned. You were sleep resistant. Your writing hand was ok. You were telepathic. You had infravision. You were stealthy. You had polymorph control. You had reflection. You are dead. Vanquished creatures: a large dog a wolf a soldier ant a shrieker a violet fungus a gray ooze a floating eye a kitten 3 kobold lords a giant bat a gas spore a hobbit 2 geckos 2 hobgoblins a giant rat a cave spider a yellow mold a green mold 2 manes a gnome zombie a jackal a kobold 9 newts 4 goblins a sewer rat 6 grid bugs 3 bats 7 lichens a kobold zombie 58 creatures vanquished. Voluntary challenges: You did not cause conflict. You were not invisible. You did not have reflection until turn 2105. You were not displaced. You were an atheist. You used a wielded weapon 66 times, starting on turn 181. You did not apply a unicorn horn. You did not use plumbed fixtures. You did not drink any magical draughts. You read items or engraved 2 times, starting on turn 968. You never genocided any monsters. You never polymorphed an object. You never changed form. You used no wishes. You never split a pudding. You never wrote Elbereth's name. You never violated your personal moral code. Dungeon overview: The Dungeons of Doom: levels 1 to 8 Level 1 a fountain a long staircase Level 2 a general store, some fountains Level 3 a fountain Level 4 (vault) a general store, a fountain stairs to The Gnomish Mines Level 5 (stash) a delicatessen, an altar to Crom, a fountain Level 6 a fountain Level 7 many fountains Level 8 (water) stairs to Sokoban The Gnomish Mines: Level 5 stairs to The Dungeons of Doom Sokoban: Level 7 <- You were here a magic chest stairs to The Dungeons of Doom History has recorded: On T:1 you entered the Dungeons of Doom to retrieve the Amulet of Yendor! On T:292 you advanced to experience level 2. On T:326 you reached level 2 of The Dungeons of Doom. On T:666 you advanced to experience level 3. On T:972 you reached level 3 of The Dungeons of Doom. On T:1273 you reached level 4 of The Dungeons of Doom. On T:1657 you reached level 5 of The Dungeons of Doom. On T:1882 you reached level 1 of The Gnomish Mines. On T:2001 you advanced to experience level 4. On T:2208 you reached level 6 of The Dungeons of Doom. On T:3106 you advanced to experience level 5. On T:3130 you reached level 7 of The Dungeons of Doom. On T:3267 you reached level 8 of The Dungeons of Doom. On T:3647 you reached level 4 of Sokoban. On T:3652 you advanced to experience level 6. Score breakdown: Gold: 502 ( 50 points) Experience: 6 levels ( 500 points) Exploration: 8 levels ( 210 points) Discoveries: 20 items ( 1000 points) Variety of kills: 29 monsters ( 1450 points) Major goal: (nothing yet) ( 0 points) Survival: died (score multiplied by 3) Total score: 9630 Latest messages: You see here a yellow gem. You see here a statue of a hill orc. $ - 71 gold pieces. You see here a statue of a hill orc. There are a few objects here. X - a food ration. One Weird Trick The soldier ant bites! The soldier ant misses. You hit the soldier ant! The soldier ant bites! The soldier ant misses. You kill the soldier ant! Welcome to experience level 6. You are now more skilled in mace. You feel you could be more dangerous! The soldier ant bites! The soldier ant stings! You hit the soldier ant! The soldier ant bites! The soldier ant stings! The soldier ant just misses! The soldier ant stings! You die... Final status: Goodbye woodfighter the Priestess, killed by a soldier ant... You died in Sokoban on dungeon level 7 with 9630 points, and 502 pieces of gold, after 3655 moves. You were level 6 with a maximum of 37 hit points when you died.